 Dungeon Crawl Stone Soup version 0.31-a0-95-g6fa058ef04 (webtiles) character file.

Game seed: 6959885403907418365

238 BlasphemerAmon the Shooter (level 5, -1/41 HPs)
             Began as a Mummy Hunter on May 25, 2023.
             Killed from afar by Blork the orc (6 damage)
             ... with a magic dart
             ... on level 4 of the Dungeon.
             The game lasted 00:04:06 (2537 turns).

BlasphemerAmon the Shooter (Mummy Hunter)           Turns: 2537, Time: 00:04:06

Health: -1/41      AC:  3    Str: 14    XL:     5   Next: 78%
Magic:  8/8        EV: 12    Int: 23    God:
Gold:   797        SH:  0    Dex: 15    Spells: 8/8 levels left

rFire   x . .        a - +0 shortbow
rCold   + . .        (shield currently unavailable)
rNeg    + + +        c - +0 leather armour
rPois   ∞            (no helmet)
rElec   .            (no cloak)
rCorr   .            (no gloves)
SInv    .            (no boots)
Will    .....        (no amulet)
Stlth   ++           e - +6 ring of intelligence
HPRegen 0.26/turn    j - +6 ring of intelligence
MPRegen 0.11/turn

%: faith
@: no status effects
A: cold resistance 1, negative energy resistance 3, torment resistance 2, heat
vulnerability 1, in touch with death 1, no potions, faith
a: no special abilities


You were on level 4 of the Dungeon.
You visited 1 branch of the dungeon, and saw 4 of its levels.

You collected 797 gold pieces.

Inventory:

Hand Weapons
 a - a +0 shortbow (weapon)
Missiles
 i - 28 stones
Armour
 c - a +0 leather armour (worn)
 h - a +0 pair of boots
Jewellery
 e - a +6 ring of intelligence (left hand)
 j - a +6 ring of intelligence (right hand)
Scrolls
 b - 2 scrolls of immolation
 d - 3 scrolls of identify


   Skills:
 * Level 3.3 Fighting
 * Level 4.0 Ranged Weapons
 * Level 2.6 Dodging
 * Level 2.5 Stealth
 + Level 2.0 Spellcasting


You had 8 spell levels left.
You didn't know any spells.
Your spell library contained the following spells:

 Spells                   Type           Power      Damage    Failure   Level
 Magic Dart               Conj           8%         1d3       16%         1
 Call Imp                 Summ           4%         N/A       24%         2
 Mephitic Cloud           Conj/Pois/Air  0%         N/A       50%         3


Dungeon Overview and Level Annotations

Branches:
Dungeon (4/15)
 Temple: D:4-7

Altars:

Annotations:
D:4 Blork the orc


Innate Abilities, Weirdness & Mutations

You are immune to poison.
Your flesh is cold resistant. (rC+)
You are immune to negative energy. (rN+++)
You are immune to unholy pain and torment.
You are vulnerable to heat. (rF-)
You are in touch with the powers of death.
You do not drink.
You have a special connection with the divine. (Faith)


Message History

You shoot an arrow.
The arrow hits Blork the orc but does no damage.
Blork the orc is heavily wounded.
You shoot an arrow. The arrow hits Blork the orc.
Blork the orc is heavily wounded.
Blork the orc gestures at you while chanting.
The puff of flame hits you! The fire burns you terribly!
You shoot an arrow. The arrow hits Blork the orc.
Blork the orc is heavily wounded.
Blork the orc barely misses you.
You shoot an arrow. The arrow hits Blork the orc.
Blork the orc is severely wounded.
Blork the orc closely misses you.
You shoot an arrow. The arrow hits Blork the orc.
Blork the orc is severely wounded.
Blork the orc hits you with a +0 hand axe!
You shoot an arrow.
The arrow hits Blork the orc but does no damage.
Blork the orc is severely wounded.
Blork the orc hits you with a +0 hand axe!
You are too injured to fight recklessly!
You are too injured to fight recklessly!
You are too injured to fight recklessly!
You are too injured to fight recklessly!
Fire: a) +0 shortbow
Press: ? - help, Shift-Dir - straight line, f/p - Blork the orc
Aim: Blork the orc, wielding a +0 hand axe and wearing a +0 robe (severely wounded, 65% to hit)
You shoot an arrow. The arrow hits Blork the orc.
Blork the orc is severely wounded.
Blork the orc screams, "I'll decorate my home with your organs!"
Blork the orc hits you with a +0 hand axe.
* * * LOW HITPOINT WARNING * * *
Blork the orc looks angry.
Blork the orc hits you with a +0 hand axe.
* * * LOW HITPOINT WARNING * * *
As you read the scroll labelled ZILLIASIEKK, it crumbles to dust.
The scroll dissolves into smoke.
It was a scroll of fog.
Blork the orc casts a spell at you. The magic dart hits you.
You die...

............†..#.#
#...........####.#
#..#........####.#
...##.....#..##..#
.......##.#..#...#
)..#..###.##...#.#
.###.####.##...#§#
...#.##......[.#§######
...#.##...##..§§@§§...#
...#.....####.§§o§....#
........ ........§§...#
....>... ##...........#
...##### #..........$#
...# #...........# ...#
##........>.# )..#
##.........# ...#


You could see Blork the orc.

Vanquished Creatures
  An ogre (D:4)
  An orc wizard (D:3)
  6 adders
  A white imp (D:3)
  A dart slug (D:1)
  5 orcs
  5 ball pythons
  9 bats
  7 endoplasms
  6 giant cockroaches
  A hobgoblin (D:3)
  11 kobolds
  2 quokkas
  3 frilled lizards
  2 goblins
  5 rats
66 creatures vanquished.

Notes
Turn   | Place    | Note
-------+----------+-------------------------------------------
     0 | D:1      | BlasphemerAmon the Mummy Hunter began the quest for the
                  | Orb.
     0 | D:1      | Reached XP level 1. HP: 16/16 MP: 1/1
    65 | D:1      | Reached skill level 1 in Stealth
   305 | D:1      | Reached XP level 2. HP: 22/22 MP: 2/2
   728 | D:2      | Identified a scroll of acquirement
   728 | D:2      | Acquired 409 gold pieces
   820 | D:2      | Reached skill level 1 in Spellcasting
   820 | D:2      | Gained mutation: You are in touch with the powers of death.
                  | [Mummy growth]
   820 | D:2      | Reached XP level 3. HP: 26/28 MP: 4/4
  1181 | D:3      | Reached XP level 4. HP: 19/34 MP: 5/5
  1682 | D:3      | Found a faded altar of an unknown god.
  2252 | D:4      | Reached XP level 5. HP: 34/40 MP: 7/7
  2382 | D:4      | Noticed an ogre
  2392 | D:4      | Killed an ogre
  2497 | D:4      | Reached skill level 4 in Ranged Weapons
  2524 | D:4      | Noticed Blork the orc
  2537 | D:4      | Killed from afar by Blork the orc

Illustrated notes

Levels and vault maps discovered:
D:1:      saegor_arrival_simple_e, layout_loops_ring
D:2:      layout_rooms
D:3:      layout_loops_ring, tso_oasis_becter,
          hellmonk_ecumenical_altar_blasted, minmay_misc_feat_four_crosses,
          minmay_gold_behind_fungi, eino_tiny_chamber
D:4:      layout_rooms, uniq_blork_the_orc

Skill      XL: |  1  2  3  4  5 |
---------------+----------------+-----
Stealth        | 1 2 |  2.5
Spellcasting   | 1 2 |  2.0
Dodging        | 2 |  2.6
Fighting       | 3 |  3.3
Ranged Weapons | 4 |  4.0

Action                     |  1- 3 |  4- 6 || total
---------------------------+-------+-------++-------
   Fire: Shortbow          |   112 |   126 ||   238
    Use: Scroll            |     3 |     5 ||     8
 Armour: Leather armour    |    17 |    10 ||    27
  Dodge: Dodged            |    31 |    27 ||    58

Table legend: (Time is in decaauts)
 A = Elapsed time spent in this place.
 B = Non-inter-level travel time spent in this place.
 C = Inter-level travel time spent in this place.
 D = Time resting spent in this place.
 E = Time spent auto-exploring this place.
 F = Levels seen in this place.
 G = Mean time per level.
                   A        B        C        D        E       F      G
               +--------+--------+--------+--------+--------+-----+--------+
         Total |   2595 |   2475 |    120 |     18 |   1972 |   4 |  648.8 |
       Dungeon |   2595 |   2475 |    120 |     18 |   1972 |   4 |  648.8 |
               +--------+--------+--------+--------+--------+-----+--------+

Top non-repeatable levels by time:
     D:3: 1026 daAuts
     D:1: 735 daAuts
     D:2: 457 daAuts
     D:4: 375 daAuts
